 Dungeon Crawl Stone Soup version 0.20.1-1-g8b1a95d (console) character file.

1254 hilaritas the Chiller (level 8, -5/41 HPs)
             Began as a Deep Elf Ice Elementalist on Aug 25, 2017.
             Slain by a gnoll
             ... wielding a +0 halberd
              (9 damage)
             ... on level 5 of the Dungeon.
             The game lasted 00:19:58 (7753 turns).

hilaritas the Chiller (Deep Elf Ice Elementalist)   Turns: 7753, Time: 00:19:58

Health: -5/41      AC: 11    Str:  6    XL:     8   Next: 26%
Magic:  13/20      EV: 13    Int: 22    God:
Gold:   243        SH:  0    Dex: 15    Spells: 7/21 levels left

rFire    . . .     SeeInvis .   m - +3 short sword (speed)
rCold    . . .     Gourm    .   (no shield)
rNeg     . . .     Faith    .   a - +0 robe
rPois    .         Spirit   .   (no helmet)
rElec    .         Reflect  .   (no cloak)
rCorr    +         Harm     .   y - +1 pair of gloves
MR       .....                  (no boots)
Stlth    ++........             w - amulet of regeneration
Regen    0.6/turn               f - ring of resist corrosion
MPRegen  0.2/turn               (no ring)

@: lethally poisoned (-5 -> -6), icy armour, hasted, very quick
A: no striking features
a: no special abilities


You were on level 5 of the Dungeon.
You were hungry.

You visited 1 branch of the dungeon, and saw 6 of its levels.

You collected 243 gold pieces.

Inventory:

Hand Weapons
 m - a +3 short sword of speed (weapon)
Missiles
 h - 321 stones (quivered)
 i - 67 arrows
Armour
 a - a +0 robe (worn)
 r - a +0 shield
 y - a +1 pair of gloves (worn)
Jewellery
 f - a ring of resist corrosion (left hand)
 w - an amulet of regeneration (around neck)
Scrolls
 k - a scroll of remove curse
 l - 7 scrolls of identify
 n - 2 scrolls of teleportation
 q - a scroll of enchant armour
 u - 2 scrolls of fear
Potions
 e - 2 potions of haste
 g - a potion of brilliance
 p - a potion of magic
 s - a potion of berserk rage
 t - a potion of mutation
 v - a potion of invisibility
 x - a potion of lignification
 A - 3 potions of curing
 B - 2 potions of agility
 C - 3 potions of might
 D - a potion of flight
Books
 b - a book of Frost

   Spells                             Type                      Level
   a - Freeze                         Ice                          1
   b - Throw Frost                    Conjuration/Ice              2
   c - Ozocubu's Armour               Charms/Ice                   3
   d - Throw Icicle                   Conjuration/Ice              4
   e - Summon Ice Beast               Ice/Summoning                4
Comestibles
 c - 2 bread rations
 d - a royal jelly
 j - 3 meat rations
 o - a fruit


   Skills:
 - Level 2.4 Dodging
 - Level 2.4 Stealth
 * Level 1.8 Shields
 - Level 7.0 Spellcasting
 * Level 5.4 Conjurations
 - Level 2.0 Charms
 + Level 7.8 Ice Magic


You had 7 spell levels left.
You knew the following spells:

 Your Spells              Type           Power        Failure   Level  Hunger
a - Freeze                Ice            ####         1%          1    None
b - Throw Frost           Conj/Ice       #####.       1%          2    None
c - Ozocubu's Armour      Chrm/Ice       ####....     3%          3    None
d - Throw Icicle          Conj/Ice       #####...     5%          4    ###....
e - Summon Ice Beast      Ice/Summ       ###.....     16%         4    ###....


Dungeon Overview and Level Annotations

Branches:
Dungeon (6/15)
 Temple: D:4-7

Altars:
Kikubaaqudgha
Ru
Xom


Message History

You are feeling hungry.
You feel sick. The bullfrog barely misses you. The jackal misses you.
The bullfrog barely misses you. The jackal misses you.
The jackal bites you but does no damage.
You feel sick. The bullfrog misses you. The bullfrog barely misses you.
You feel yourself speed up.
The bullfrog hits you but does no damage.
The gnoll closely misses you.
The jackal bites you but does no damage.
Casting: Freeze
Confirm with . or Enter, or press ? or * to list all spells.
Aiming: Freeze
Press: ? - help, Shift-Dir - straight line, f - bullfrog, p - water moccasin
Aim: a bullfrog You freeze the bullfrog.
The bullfrog seems to slow down.
The bullfrog is moderately wounded.
The jackal bites you but does no damage.
The bullfrog hits you but does no damage.
The gnoll hits you from afar with a halberd!
You die...

.....##.##.##.#..######..........
.....##.##..#.#..#...............
.....##.......#..#.##############
.....######.#.#..#.#
.........##...#..#.# #########
####.....###..#..#.# #........
...#.....###..#..#.# #........
...'.............#.# #........
...#.....####..h@#.# #........
.........'..#..Fh#.# #........
...#.....##.#..gS#.# ###........
####.....##.#...)#.####..........
#.....##.#....#...............
####.....##.#....######..........
.......####.#..>.# #.....#####
#####.#####.#..#.### #.....#
....[.....#........# #.....#


You could see a water moccasin, a bullfrog, a gnoll and 2 jackals.

Vanquished Creatures
  An ogre (D:2)
  A centaur (D:5)
  2 phantoms (D:4)
  A big kobold (D:5)
  A scorpion (D:4)
  2 crimson imps (D:5)
  A bullfrog zombie (D:5)
  A jelly (D:5)
  A hound (D:5)
  A centaur skeleton (D:4)
  2 orc wizards
  2 bullfrog skeletons
  2 iguanas (D:4)
  5 worker ants
  A hound zombie (D:5)
  6 gnolls
  9 adders
  A shadow imp (D:5)
  2 oozes
  An adder zombie (D:2)
  7 worms
  2 dart slugs
  7 leopard geckos
  9 orcs
  10 bats
  4 giant cockroaches
  11 goblins
  10 hobgoblins
  2 jackals (D:5)
  27 kobolds
  3 quokkas
  8 frilled lizards
  A jackal skeleton (D:4)
  A quokka zombie (D:5)
  6 rats
151 creatures vanquished.

Notes
Turn   | Place    | Note
-------+----------+-------------------------------------------
     0 | D:1      | hilaritas the Deep Elf Ice Elementalist began the quest for the Orb.
     0 | D:1      | Reached XP level 1. HP: 10/10 MP: 6/6
   315 | D:1      | Reached XP level 2. HP: 6/15 MP: 2/8
   397 | D:1      | Learned a level 2 spell: Throw Frost
  1144 | D:1      | Reached XP level 3. HP: 19/19 MP: 6/9
  1396 | D:2      | Found a sacrificial altar of Ru.
  1401 | D:2      | Found a transporter.
  1418 | D:2      | Reached skill level 5 in Ice Magic
  1464 | D:2      | Learned a level 3 spell: Ozocubu's Armour
  1475 | D:2      | Noticed an ogre
  1869 | D:2      | Reached XP level 4. HP: 19/24 MP: 7/10
  2516 | D:2      | Found a transporter.
  2550 | D:2      | Reached skill level 5 in Spellcasting
  2550 | D:2      | Reached XP level 5. HP: 28/28 MP: 4/14
  2578 | D:2      | Killed an ogre
  3001 | D:2      | Reached XP level 6. HP: 32/32 MP: 8/17
  3303 | D:3      | Reached skill level 1 in Charms
  3761 | D:3      | Learned a level 4 spell: Throw Icicle
  3766 | D:3      | Learned a level 4 spell: Summon Ice Beast
  3938 | D:4      | Found an ancient bone altar of Kikubaaqudgha.
  4339 | D:4      | HP: 1/32 [phantom (8)]
  4559 | D:4      | Reached XP level 7. HP: 36/36 MP: 6/19
  4642 | D:4      | HP: 1/36 [phantom (10)]
  5563 | D:5      | Entered Level 5 of the Dungeon
  5623 | D:5      | Reached skill level 1 in Shields
  6258 | D:5      | Reached skill level 5 in Conjurations
  6258 | D:5      | Reached XP level 8. HP: 34/41 MP: 5/20
  7396 | D:5      | Found a shimmering altar of Xom.
  7753 | D:5      | Slain by a gnoll

Skill      XL: |  1  2  3  4  5  6  7 |
---------------+----------------------+-----
Ice Magic      | 4 5 7 |  7.8
Conjurations   | 2 3 5 |  5.4
Spellcasting   | 5 6 7 |  7.0
Charms         | 2 |  2.0
Shields        | 1 |  1.8
Dodging        | |  2.4
Stealth        | |  2.4

Action                   |  1- 3 |  4- 6 |  7- 9 || total
-------------------------+-------+-------+-------++-------
Melee: Unarmed           |     1 |       |       ||     1
       Dagger            |     3 |       |       ||     3
       Short sword       |     1 |    53 |    34 ||    88
 Cast: Freeze            |    57 |   101 |    59 ||   217
       Throw Frost       |     1 |    22 |    40 ||    63
       Ozocubu's Armour  |       |     3 |     6 ||     9
       Throw Icicle      |       |     7 |    25 ||    32
  Use: Potion            |       |     5 |     3 ||     8
       Scroll            |       |    17 |     4 ||    21
  Eat: Chunk             |     3 |     8 |    10 ||    21
       Royal jelly       |       |       |     1 ||     1
       Fruit             |       |       |     1 ||     1
Armor: Robe              |     3 |    21 |    37 ||    61
Dodge: Dodged            |    39 |    65 |   108 ||   212
